 Dungeon Crawl Stone Soup version 0.32-a0-931-g5a2cda0630 (webtiles) character file.

Game seed: 14653674054380635590

628 Maxmaps the Changeling (level 7, 0/70 HPs)
             Began as an Oni Monk on Apr 14, 2024.
             Splashed by a jelly's acid (1 damage)
             ... on level 4 of the Dungeon.
             The game lasted 00:02:15 (2707 turns).

Maxmaps the Changeling (Oni Monk)                   Turns: 2707, Time: 00:02:15

Health: 0/70       AC: -9    Str: 22    XL:     7   Next: 48%
Magic:  7/7        EV:  9    Int: 13    God:
Gold:   135        SH:  0    Dex: 11    Spells: 6/6 levels left

rFire   . . .        j - +2 whip (venom)
rCold   + . .        (no shield)
rNeg    . . .        b - +0 robe
rPois   .            (helmet restricted)
rElec   .            (no cloak)
rCorr   .            (gloves unavailable)
SInv    .            (boots unavailable)
Will    .....        (no amulet)
Stlth   +            g - +6 ring of strength
HPRegen 0.31/turn    m - ring of protection from cold
MPRegen 0.10/turn

%: no passive effects
@: corroded
A: large, unfitting armour, horns 1, tough skin 1, double potion healing,
drunken brawling
a: no special abilities


You were on level 4 of the Dungeon.
You visited 1 branch of the dungeon, and saw 4 of its levels.

You collected 135 gold pieces.

Inventory:

Hand Weapons
 a - a +0 mace
 j - a +2 whip of venom (weapon)
Armour
 b - a +0 robe (worn)
 d - an orb of light
Jewellery
 g - a +6 ring of strength (left hand)
 m - a ring of protection from cold (right hand)
 p - an amulet of faith
 r - a ring of magical power
 y - a +4 ring of slaying
Talismans
 q - a maw talisman
Wands
 v - a wand of flame (12)
Scrolls
 c - a scroll of enchant weapon {unknown}
 h - 3 scrolls of identify {unknown}
 k - a scroll of fear {unknown}
 s - a scroll of teleportation {unknown}
 t - a scroll of blinking {unknown}
 x - a scroll of amnesia {unknown}
 z - a scroll of poison {unknown}
Potions
 e - 2 potions of enlightenment {unknown}
 f - a potion of lignification {unknown}
 i - 3 potions of brilliance {unknown}
 l - a potion of berserk rage {unknown}
 n - a potion of magic {unknown}
 o - 2 potions of haste {unknown}
 u - a potion of curing {unknown}
 w - a potion of invisibility {unknown}


   Skills:
 - Level 4.0 Fighting
 - Level 5.1 Maces & Flails
 - Level 2.6 Dodging
 + Level 5.9 Shapeshifting


You had 6 spell levels left.
You didn't know any spells.
Your spell library contained the following spells:

 Spells                   Type           Power      Damage    Failure   Level
 Mercury Vapours          Alch/Air       0%         N/A       43%         2
 Dazzling Flash           Conj/Hex       0%         N/A       67%         3
 Frozen Ramparts          Ice            0%         1d1       67%         3
 Mephitic Cloud           Conj/Alch/Air  0%         N/A       67%         3
 Ozocubu's Armour         Ice            0%         N/A       67%         3
 Freezing Cloud           Conj/Ice/Air   0%         6-21      100%        5
 Metabolic Englaciation   Hex/Ice        0%         N/A       100%        5
 Starburst                Conj/Fire      0%         6d3       100%        6
 Maxwell's Capacitive Co  Air            0%         ∞         100%        8


Dungeon Overview and Level Annotations

Branches:
Dungeon (4/15)
 Temple: D:4-7

Altars:
Ru


Innate Abilities, Weirdness & Mutations

You are too large for most types of armour.
You have a pair of small horns on your head.
You have tough skin. (AC +1)
You gain doubled healing and magic from potions.
Whenever you drink a healing potion, you attack all around you.


Message History

You are splashed with acid.
You hit the jelly.
Your hands burn!
The jelly is heavily wounded.
The jelly hits you.
You are splashed with acid.
The kobold hits you with a +0 club.
You hit the jelly.
The jelly is poisoned.
The acid corrodes you!
Your hands burn!
You headbutt the jelly.
The jelly is heavily wounded.
The kobold closely misses you. The jelly hits you.
You are splashed with acid!
You are too injured to fight recklessly!
You are too injured to fight recklessly!
You are too injured to fight recklessly!
You are too injured to fight recklessly!
You are too injured to fight recklessly!
You are too injured to fight recklessly!
You are too injured to fight recklessly!
You are too injured to fight recklessly!
You are too injured to fight recklessly!
You are too injured to fight recklessly!
You are too injured to fight recklessly!
You are too injured to fight recklessly!
You are too injured to fight recklessly!
You are too injured to fight recklessly!
There are monsters nearby!
You are too injured to fight recklessly!
Unknown command.
You are too injured to fight recklessly!
The kobold throws a poisoned dart.
The poisoned dart barely misses you. The jelly attacks as it pursues you!
The jelly hits you. The acid corrodes you!
You are splashed with acid!
* * * LOW HITPOINT WARNING * * *
There is an open door here.
The jelly attacks as it pursues you! The jelly hits you.
* * * LOW HITPOINT WARNING * * *
The acid corrodes you!
You are splashed with acid!
* * * LOW HITPOINT WARNING * * *
The jelly attacks as it pursues you! The jelly barely misses you.
Unknown command.
You hit the jelly but do no damage.
Your hands burn!
You die...

#.......# #.......#
#.....$.#
#.......#####
#.............#
#####K#######.# #.#
#.# #J# #.# #@# #.#
#.# #.#
#.#######.########
#.................
#############.########
#...........#.# #
###########.#)# #
#.#.# # #.#.# #


You could see a jelly (poisoned) and a kobold.

Vanquished Creatures
  Pikel (D:4)
  A bombardier beetle (D:4)
  2 orc wizards (D:4)
  A gnoll (D:1)
  4 adders
  2 dart slugs
  A ribbon worm (D:2)
  4 orcs
  3 bats
  5 endoplasms
  A giant cockroach (D:3)
  4 goblins
  8 hobgoblins
  4 jackals (D:2)
  3 ball pythons
  5 frilled lizards
  2 kobolds
  4 rats
55 creatures vanquished.

Notes
Turn   | Place    | Note
-------+----------+-------------------------------------------
     0 | D:1      | Maxmaps the Oni Monk began the quest for the Orb.
     0 | D:1      | Reached XP level 1. HP: 24/24 MP: 1/1
   125 | D:1      | Reached XP level 2. HP: 30/32 MP: 2/2
   437 | D:1      | Reached XP level 3. HP: 36/39 MP: 3/3
   846 | D:2      | Found a faded altar of an unknown god.
   974 | D:2      | Found a sacrificial altar of Ru.
   982 | D:2      | Reached XP level 4. HP: 45/48 MP: 4/4
   995 | D:2      | Reached skill level 5 in Maces & Flails
  1950 | D:3      | Reached skill level 1 in Shapeshifting
  2132 | D:4      | Noticed Pikel
  2132 | D:4      | Noticed a lemure
  2133 | D:4      | Noticed a lemure
  2133 | D:4      | Noticed a lemure
  2133 | D:4      | Noticed a lemure
  2143 | D:4      | HP: 2/48 [Pikel/+1 whip of flaming (2)]
  2150 | D:4      | Killed Pikel
  2151 | D:4      | Reached skill level 5 in Shapeshifting
  2151 | D:4      | Reached XP level 5. HP: 7/54 MP: 5/5
  2151 | D:4      | Reached XP level 6. HP: 8/62 MP: 6/6
  2151 | D:4      | Reached XP level 7. HP: 9/70 MP: 7/7
  2705 | D:4      | HP: 1/70 [acid (8)]
  2707 | D:4      | Splashed by a jelly's acid

Illustrated notes

Levels and vault maps discovered:
D:1:      onia_arrival_mini_maze, layout_rooms, minmay_misc_feat_tower
D:2:      layout_loops_ring, basic_altar,
          hellmonk_ecumenical_altar_leap_of_faith
D:3:      layout_loops_ring, grunt_ministairs_11
D:4:      layout_basic, nicolae_elemental_shop, uniq_ijyb, uniq_pikel

Skill      XL: |  1  2  3  4 |
---------------+-------------+-----
Maces & Flails | 4 5 |  5.1
Shapeshifting  | 5 |  5.9
Fighting       | |  4.0
Dodging        | |  2.6

Action                     |  1- 3 |  4- 6 |  7- 9 || total
---------------------------+-------+-------+-------++-------
  Melee: Mace              |    31 |       |       ||    31
         Whip              |    39 |    58 |    28 ||   125
         Headbutt          |     6 |     5 |     4 ||    15
    Use: Potion            |       |     1 |       ||     1
   Stab: Sleeping          |       |     2 |       ||     2
 Armour: Robe              |    37 |    36 |    24 ||    97
  Dodge: Dodged            |    34 |    21 |     9 ||    64

Table legend: (Time is in decaauts)
 A = Elapsed time spent in this place.
 B = Non-inter-level travel time spent in this place.
 C = Inter-level travel time spent in this place.
 D = Time resting spent in this place.
 E = Time spent auto-exploring this place.
 F = Levels seen in this place.
 G = Mean time per level.
                   A        B        C        D        E       F      G
               +--------+--------+--------+--------+--------+-----+--------+
         Total |   2693 |   2551 |    142 |    293 |   1891 |   4 |  673.2 |
       Dungeon |   2693 |   2551 |    142 |    293 |   1891 |   4 |  673.2 |
               +--------+--------+--------+--------+--------+-----+--------+

Top non-repeatable levels by time:
     D:3: 710 daAuts
     D:1: 698 daAuts
     D:2: 694 daAuts
     D:4: 589 daAuts
